Map: Ruins of Seras

Players

MarineLorD

  • Race: Terran Terran

viOLet - Winner!

  • Race: Zerg Zerg

Event: 2016 WCS Winter Circuit Championship

VOD

Have the link to the VOD?

Description

Time

  • Played on: March 3, 2016, 2:20 p.m.
  • Length: 14:46

All games in this series

Show
View Real Time Build Order
Export as new Build Order

MarineLorD Terran 

Build Orders: Hellion Opening, Reaper Expand, MMM Bio 

Get SALT Encoding   

  12  0:00  SCV  
  13  0:12  SCV  
  14  0:17  Supply Depot  
  14  0:24  SCV  
  15  0:39  SCV  
  15  0:40  Barracks  
  16  0:44  Refinery  
  16  0:51  SCV  
  17  1:03  SCV  
  18  1:15  SCV  
  19  1:27  Orbital Command  
  19  1:28  Reaper  
  20  1:43  Command Center  
  20  1:51  Supply Depot  
  21  1:54  SCV  
  21  2:00  Marine  
  22  2:06  SCV  
  23  2:12  Factory  
  23  2:18  SCV  
  23  2:21  Barracks Reactor  
  24  2:29  Refinery  
  24  2:30  SCV  
  25  2:42  SCV  
  26  2:54  SCV  
  26  2:55  Orbital Command  
  26  2:58  Starport  
  27  3:03  Hellion x2, Marine  
  32  3:06  SCV  
  33  3:19  SCV  
  34  3:22  Bunker  
  34  3:23  SCV  
  34  3:24  Supply Depot  
  37  3:27  Hellion  
  37  3:32  Hellion  
  37  3:34  SCV  
  40  3:35  SCV  
  40  3:39  Barracks Tech Lab  
  41  3:46  SCV, Medivac  
  41  3:47  SCV  
  45  3:54  Hellion x2  
  49  3:58  SCV  
  50  4:03  SCV  
  50  4:05  Supply Depot  
  50  4:07  Supply Depot  
  50  4:09  Liberator  
  51  4:10  SCV  
  51  4:11  Marine  
  51  4:15  SCV  
  54  4:24  Supply Depot  
  54  4:27  SCV  
  54  4:29  Supply Depot  
  58  4:35  SCV  
  59  4:39  Marine  
  59  4:40  Stimpack, SCV  
  61  4:47  SCV  
  61  4:49  Factory Reactor  
  61  4:52  SCV  
  61  4:54  Liberator  
  61  4:59  SCV  
  58  5:04  SCV  
  58  5:05  Command Center  
  59  5:08  Marauder  
  59  5:11  SCV  
  65  5:16  SCV  
  65  5:20  Refinery  
  65  5:21  Refinery  
  64  5:23  SCV  
  64  5:25  Barracks  
  64  5:27  Barracks  
  64  5:28  SCV  
  66  5:35  Factory Reactor, SCV  
  67  5:40  Engineering Bay x2  
  67  5:41  Marauder  
  69  5:44  SCV  
  69  5:47  SCV  
  71  5:56  SCV  
  69  5:59  SCV  
  69  6:00  Barracks x2  
  69  6:03  Marauder  
  72  6:08  SCV  
  71  6:11  SCV  
  71  6:14  Marine x2  
  71  6:17  Medivac x2  
  71  6:18  Terran Infantry Weapons Level 1  
  75  6:20  SCV  
  75  6:22  Orbital Command  
  75  6:23  Factory Tech Lab, SCV  
  75  6:24  Marauder  
  79  6:26  Terran Infantry Armor Level 1  
  79  6:32  SCV, Marine  
  80  6:34  Marine  
  80  6:36  SCV  
  77  6:45  SCV  
  77  6:46  Marauder  
  69  6:55  Marine x3  
  69  6:57  SCV  
  69  6:58  SCV x2  
  70  7:07  Orbital Command, Marauder, Medivac  
  72  7:09  SCV  
  72  7:12  SCV, Barracks Reactor, Barracks Tech Lab  
  74  7:15  Armory  
  74  7:21  SCV  
  74  7:22  Marine x4  
  79  7:24  SCV  
  79  7:26  Armory  
  79  7:28  Marine  
  81  7:32  Bunker  
  81  7:33  SCV x2  
  81  7:34  Marine  
  81  7:36  SCV  
  85  7:38  Missile Turret  
  85  7:40  Medivac  
  85  7:41  Medivac  
  85  7:42  Marine x2  
  91  7:44  Marine  
  91  7:45  SCV x2  
  91  7:46  Marine x2  
  91  7:48  SCV  
  94  7:51  Bunker  
  94  7:52  Marine x2  
  94  7:55  Siege Tank  
  94  7:56  Marine  
  101  8:05  Supply Depot x2, Marine  
  101  8:06  Supply Depot  
  101  8:07  Terran Vehicle Weapons Level 1  
  101  8:19  SCV  
  101  8:20  SCV, Marine  
  101  8:26  SCV, Medivac x2, Marine x5  
  115  8:27  Siege Tank, Marauder x2  
  115  8:31  SCV  
  115  8:32  SCV  
  120  8:38  Marine  
  120  8:39  Refinery, SCV  
  120  8:40  Refinery  
  120  8:42  Factory  
  120  8:44  Marine x3  
  120  8:46  Supply Depot, Terran Infantry Weapons Level 2  
  120  8:47  Supply Depot  
  123  8:48  Marauder  
  123  8:49  Terran Infantry Armor Level 2  
  123  8:52  Marine x2  
  125  9:00  Supply Depot  
  125  9:01  Supply Depot  
  125  9:04  Supply Depot  
  125  9:06  Marine  
  125  9:07  Marine  
  125  9:08  SCV, Medivac x2  
  125  9:09  SCV  
  133  9:10  Marine  
  133  9:14  Marine  
  133  9:15  Marine x2  
  136  9:17  Marine  
  136  9:18  Marauder  
  136  9:20  SCV  
  136  9:23  Missile Turret  
  136  9:24  Marine  
  140  9:25  Marine  
  140  9:28  Marine  
  140  9:33  Missile Turret, Marine x3  
  140  9:38  Combat Shields  
  141  9:39  Marauder, Concussive Shells  
  141  9:40  Factory Tech Lab  
  141  9:44  Marauder, Marine  
  142  9:53  Marine  
  139  10:00  Marauder  
  139  10:01  Marine x3  
  139  10:05  Marauder  
  145  10:07  Missile Turret  
  145  10:12  Siege Tank, Missile Turret  
  148  10:17  Marine  
  148  10:18  Marine  
  148  10:20  Marine  
  150  10:22  Marauder  
  150  10:23  Siege Tank  
  150  10:24  Liberator  
  150  10:26  Marauder  
  150  10:28  Supply Depot  
  157  10:34  Marine x2  
  159  10:35  Missile Turret  
  159  10:36  Marine  
  159  10:38  Terran Vehicle Weapons Level 2  
  163  10:48  Supply Depot  
  163  10:49  Supply Depot, Siege Tank  
  166  10:51  Supply Depot  
  166  10:52  Marine x2  
  166  10:56  Marine x2  
  172  10:57  Marauder  
  172  10:58  Marine  
  173  11:08  Marine  
  173  11:09  Siege Tank, Marauder  
  174  11:15  Marine  
  170  11:18  Marauder  
  170  11:19  Medivac  
  170  11:24  Medivac, Marine  
  170  11:31  Marauder  
  170  11:34  Marine  
  170  11:37  Marine  
  174  11:40  Marauder  
  174  11:45  Command Center  
  174  11:48  Medivac  
  174  11:52  Marauder, Marine  
  158  11:54  Medivac, Marine  
  158  11:59  Marine  
  152  12:01  Marauder  
  152  12:05  Marine  
  152  12:06  Marine x2  
  143  12:10  Marine  
  143  12:12  Marine  
  143  12:13  Marauder  
  142  12:17  Marine  
  142  12:22  Marauder  
  141  12:23  Marine  
  141  12:24  Marine  
  141  12:27  Siege Tank  
  141  12:29  Siege Tank  
  143  12:30  Medivac x2  
  143  12:34  Marine  
  143  12:35  Marauder  
  145  12:42  Liberator, Marine  
  148  12:48  Marine  
  147  12:52  Marine x2  
  147  12:57  Marine  
  151  13:09  Siege Tank  
  154  13:17  Marine  
  154  13:19  Missile Turret  
  155  13:24  Marine  
  155  13:27  Missile Turret, Marine x2  
  155  13:28  Marine x2  
  155  13:33  Marauder  
  158  13:34  Marine  
  158  13:38  Marine  
  160  13:45  Liberator  
  160  13:46  Marine x2  
  162  13:54  Planetary Fortress  
  168  14:15  Marine  
  168  14:16  Marine  
  176  14:20  Marauder, Marine x2  
  176  14:21  Marine  
Show
View Real Time Build Order
Export as new Build Order

viOLet Zerg - Winner!

Build Orders: Hatch First 

Get SALT Encoding   

  12  0:00  Drone  
  13  0:12  Overlord  
  13  0:18  Drone  
  14  0:31  Drone x2  
  14  0:35  Drone  
  17  0:52  Hatchery  
  17  0:55  Drone  
  17  0:59  Drone  
  18  1:09  Extractor  
  17  1:14  Spawning Pool  
  17  1:17  Drone  
  17  1:21  Drone  
  18  1:33  Drone  
  18  1:39  Overlord  
  19  2:00  Queen  
  19  2:01  Zergling x4  
  23  2:03  Queen  
  23  2:04  Zergling x2  
  26  2:11  Metabolic Boost  
  26  2:13  Drone  
  26  2:15  Drone  
  28  2:22  Drone  
  29  2:28  Drone  
  30  2:37  Queen  
  30  2:39  Queen  
  34  2:45  Drone  
  34  2:46  Overlord  
  35  2:52  Overlord  
  35  3:03  Drone  
  35  3:05  Drone x3  
  39  3:09  Drone  
  39  3:10  Drone  
  39  3:12  Drone x3  
  44  3:14  Drone  
  45  3:26  Drone  
  46  3:35  Hatchery  
  46  3:38  Drone  
  46  3:39  Roach Warren, Drone  
  46  3:42  Drone x2  
  46  3:47  Drone x2  
  46  3:48  Drone  
  51  3:56  Drone  
  51  3:57  Evolution Chamber, Lair  
  51  4:00  Drone, Extractor  
  51  4:03  Extractor  
  51  4:07  Drone  
  51  4:08  Overlord  
  51  4:14  Overlord  
  51  4:24  Overlord  
  51  4:27  Roach  
  51  4:28  Roach x3  
  59  4:35  Roach x3  
  59  4:38  Drone  
  68  4:45  Roach  
  68  4:46  Overlord  
  65  4:57  Drone  
  62  5:01  Glial Reconstitution, Drone x2  
  62  5:08  Drone x3  
  62  5:10  Drone x2  
  67  5:16  Drone, Zerg Ground Armor Level 1  
  67  5:17  Drone  
  69  5:24  Drone x2  
  69  5:25  Drone x2  
  69  5:26  Drone  
  74  5:28  Spore Crawler  
  74  5:31  Overlord  
  74  5:34  Roach x3  
  79  5:46  Roach  
  79  5:49  Roach  
  82  5:55  Roach x4  
  90  5:57  Overlord  
  90  6:03  Drone  
  88  6:12  Drone x2  
  90  6:19  Drone  
  90  6:20  Drone x2  
  93  6:27  Drone x2  
  93  6:29  Overlord  
  93  6:30  Overlord  
  93  6:31  Drone  
  96  6:39  Roach  
  92  6:41  Drone  
  92  6:43  Drone  
  92  6:46  Drone x4  
  92  6:52  Drone  
  87  6:59  Drone x2  
  87  7:00  Burrow, Tunneling Claws  
  85  7:01  Extractor  
  85  7:02  Drone x2  
  85  7:04  Extractor x2  
  85  7:05  Evolution Chamber  
  75  7:08  Drone  
  75  7:09  Drone x3  
  75  7:10  Zerg Missile Weapons Level 1  
  81  7:15  Roach  
  81  7:23  Roach x5  
  91  7:30  Roach x3  
  91  7:31  Hatchery, Overlord  
  91  7:36  Spore Crawler  
  97  7:37  Overlord, Roach x2  
  97  7:39  Zerg Ground Armor Level 2  
  97  7:42  Drone  
  100  7:47  Roach x2  
  100  7:49  Roach  
  105  7:51  Overlord x2  
  105  7:57  Roach x3  
  111  7:59  Ravager x3  
  114  8:08  Overlord x2  
  114  8:11  Roach x2  
  118  8:13  Roach  
  118  8:14  Roach  
  118  8:17  Overlord  
  118  8:23  Pneumatized Carapace  
  118  8:25  Roach x2  
  118  8:26  Roach  
  122  8:31  Roach  
  122  8:35  Hatchery  
  122  8:37  Roach x6  
  122  8:38  Roach  
  122  8:39  Roach  
  126  8:42  Roach x8  
  142  8:53  Overlord x4  
  142  9:06  Zerg Missile Weapons Level 2  
  142  9:12  Roach x9  
  160  9:18  Roach x2  
  162  9:26  Drone x10  
  162  9:27  Infestation Pit  
  162  9:30  Overlord  
  169  9:37  Overlord  
  169  9:39  Overlord x2  
  169  9:49  Roach  
  169  9:50  Roach x3  
  169  9:58  Roach x10  
  173  10:05  Hive  
  173  10:13  Roach x7  
  185  10:16  Extractor  
  184  10:30  Ravager x11  
  195  10:36  Extractor, Queen  
  195  10:39  Drone x2  
  195  10:40  Drone x2, Roach  
  200  10:47  Roach x3  
  172  11:15  Roach  
  172  11:17  Roach x12  
  178  11:22  Ultralisk Cavern  
  178  11:23  Roach  
  169  11:27  Roach x8  
  169  11:28  Roach x7  
  169  11:31  Roach x7  
  197  11:33  Roach  
  197  11:38  Zerg Ground Armor Level 3  
  197  11:39  Zerg Melee Weapons Level 1  
  199  11:50  Roach  
  183  11:55  Roach x7  
  183  11:57  Roach  
  168  12:05  Roach  
  168  12:06  Roach  
  159  12:19  Ultralisk x2  
  165  12:29  Chitinous Plating  
  157  12:35  Zergling x8  
  157  12:36  Zergling x8  
  150  12:47  Ultralisk  
  150  12:48  Ultralisk  
  150  12:49  Queen  
  164  12:53  Zergling x10, Ultralisk  
  175  13:02  Ultralisk  
  181  13:11  Roach x8  
  181  13:19  Ultralisk  
  187  13:26  Roach  
  187  13:28  Hatchery  
  178  13:41  Ultralisk  
  184  13:46  Ultralisk  
  184  13:47  Zergling x26  
  195  13:54  Roach  
  189  13:56  Roach x5  
  199  14:18  Ravager  
Tags
 
Add a new tag
Caveats
  • Supply blocks, unpowered buildings, or Contaminate may cause inaccurate times.
  • Supply counts are checked every 10 seconds.